 Dungeon Crawl Stone Soup version 0.31.0-11-ge490571c62 (webtiles) character file.

Game seed: 14000847158793277246

1186 Arcadio the Nimble (level 8, -6/50 HPs)
             Began as a Djinni Fire Elementalist on Jan 27, 2024.
             Was an Initiate of Ashenzari.
             Shot with an arrow by a centaur (11 damage)
             ... on level 6 of the Dungeon.
             The game lasted 00:07:29 (4245 turns).

Arcadio the Nimble (Djinni Fire Elementalist)       Turns: 4245, Time: 00:07:29

Health: -6/50      AC:  4    Str:  7    XL:     8   Next: 70%
Gold:   210        EV: 15    Int: 19    God:    Ashenzari [......] SH:  0 Dex: 14

rFire   + + .        b - +0 dagger
rCold   + + .        (no shield)
rNeg    . . .        a - +0 robe of the Unyielding Gaze {Bglg, Self} (curse)
rPois   ∞            (no helmet)
rElec   .            (no cloak)
rCorr   .            r - +1 pair of gloves of Card Tricks {*Corrode rPois rC+++}
SInv    .            (boots unavailable)
Will    .....        o - amulet of regeneration
Stlth   ++           (no ring)
HPRegen 1.08/turn    (no ring)
MPRegen 0.00/turn

%: corrode self (3%), infuse magic (-7 HP)
@: flying
A: sickness immunity, fire resistance 2, cold vulnerability 1, float, innate
caster, HP casting, extra vitality 1
a: Renounce Religion, Curse Item, Shatter the Chains


You were on level 6 of the Dungeon.
You worshipped Ashenzari.
Ashenzari was noncommittal.
You visited 2 branches of the dungeon, and saw 7 of its levels.

You collected 210 gold pieces.

Inventory:

Hand Weapons
 b - a +0 dagger (weapon)
Armour
 a - the cursed +0 robe of the Unyielding Gaze (worn) {Bglg, Self}

   It has a curse which improves the following skills: Beguiling: Hexes and
   Translocations.
   Introspection: Fighting and Spellcasting.
 r - the +1 pair of gloves of Card Tricks (worn) {*Corrode rPois rC+++}
   (You found it on level 4 of the Dungeon)

   rC+++:     It renders you almost immune to cold.
   rPois:     It protects you from poison *Corrode: It may corrode you when you
   take damage.
Magical Staves
 t - a staff of death
Jewellery
 o - an amulet of regeneration (around neck)
Wands
 u - a wand of charming (9)
Scrolls
 d - a scroll of revelation {unknown}
 e - a scroll of poison {unknown}
 g - 3 scrolls of teleportation {unknown}
 i - 4 scrolls of blinking {unknown}
 j - a scroll of identify {unknown}
 l - a scroll of amnesia {unknown}
 n - 3 scrolls of vulnerability {unknown}
 q - a scroll of fog {unknown}
 s - a scroll of torment {unknown}
Potions
 c - a potion of experience {unknown}
 f - 2 potions of heal wounds {unknown}
 h - a potion of haste {unknown}
 k - a potion of cancellation {unknown}
 m - a potion of degeneration {unknown}
 p - 3 potions of curing {unknown}


   Skills:
 + Level 8.0 Dodging
 - Level 1.5 Stealth
 + Level 6.1(6.5) Spellcasting
 + Level 6.1 Conjurations
 + Level 6.1(6.5) Hexes
 + Level 6.1 Summonings
 + Level 6.1 Necromancy
 + Level 6.1(6.5) Translocations
 + Level 6.1 Fire Magic
 + Level 6.1 Ice Magic
 + Level 6.1 Air Magic
 + Level 6.1 Earth Magic
 + Level 6.1 Alchemy


You knew the following spells:

 Your Spells              Type           Power      Damage    Failure   Level
a - Foxfire               Conj/Fire      100%       2x1d9     1%          1
b - Scorch                Fire           58%        2d7       1%          2
c - Volatile Blastmotes   Fire/Tloc      60%        2d15      2%          3
d - Inner Flame           Hex/Fire       30%        N/A       2%          3
e - Flame Wave            Conj/Fire      29%        2d9       9%          4
f - Summon Small Mammal   Summ           100%       N/A       1%          1
g - Lesser Beckoning      Tloc           62%        N/A       1%          2
h - Ozocubu's Armour      Ice            29%        N/A       2%          3
Your spell library was empty.

Dungeon Overview and Level Annotations

Branches:
Dungeon (6/15)             Temple (1/1) D:4

Altars:
Ashenzari
Cheibriados
Dithmenos
Elyvilon
Gozag
Hepliaklqana
Makhleb
Qazlal
Ru
Trog
Wu Jian
Xom
Yredelemnul
Zin
The Shining One

Shops:
D:1 =   D:3 (

Annotations:
D:4 3 runed translucent doors, Arcadio's ghost, amateur AtGl


Innate Abilities, Weirdness & Mutations

You are immune to sickness and miasma.
You are immune to poison.
Your flesh is very heat resistant. (rF++)
You are vulnerable to cold. (rC-)
You float through the air rather than walking.
You learn spells naturally, not from books.
Your magical power is your life essence.
You have superior vitality. (+4 MHP)


Message History

Confirm with . or Enter, or press ? or * to list all spells.
You can't see any susceptible monsters within range! (Use Z to cast anyway.)
Casting: Scorch (safe; 1% risk of failure)
Confirm with . or Enter, or press ? or * to list all spells.
You can't see any susceptible monsters within range! (Use Z to cast anyway.)
A howler monkey comes into view.
The howler monkey howls!
You hear a shout!
You see here 11 gold pieces.
A centaur comes into view.
The howler monkey hoots and howls with incredible vigour!
The centaur wields a +0 orcbow.
The centaur shoots an arrow.
The arrow hits you!
You hear a shout! x2; You hear an angry hiss.
Casting: Scorch (safe; 1% risk of failure)
Confirm with . or Enter, or press ? or * to list all spells.
Flames lash the howler monkey.
The howler monkey is severely wounded.
The howler monkey's fire resistance burns away.
The centaur shoots an arrow.
The arrow hits you!
The howler monkey hoots and howls with incredible vigour!
You hear a shout!
You hear an angry hiss.
Casting: Scorch (safe; 1% risk of failure)
Confirm with . or Enter, or press ? or * to list all spells.
Flames lash the howler monkey.
The howler monkey is burned terribly!
You kill the howler monkey!
The centaur shoots an arrow.
The arrow hits you!
Ashenzari invites you to partake of a vision and a curse of cunning and companions.
You now have 210 gold pieces (gained 11).
The centaur wields a +0 orcbow.
The centaur shoots an arrow.
The arrow hits you!
Casting: Scorch (safe; 1% risk of failure)
Confirm with . or Enter, or press ? or * to list all spells.
Flames lash the centaur.
The centaur is heavily wounded.
The centaur's fire resistance burns away.
The centaur shoots an arrow.
The arrow hits you!
* * * LOW HITPOINT WARNING * * *
An adder comes into view.
The centaur shoots an arrow.
The arrow hits you!
You die...

.# ## .# # .. P.#
#.#.PP PP.# .# ....c
P..#... #.PP ...#...
#...#.......
###@.......
####.......... ..#
##...........## ....#
##........†...#
.....###.......<.......
.......#S..............
...............##......
...............##.#....
..................####.


You could see a centaur (combustible) and an adder (wandering).

Vanquished Creatures
  Grinder (D:5)
  2 water moccasins (D:5)
  2 ogres
  2 scorpions (D:5)
  A bombardier beetle (D:4)
  A howler monkey (D:6)
  2 jellies
  2 hounds
  3 orc priests
  An iguana (D:4)
  A sleepcap (D:5)
  An orc wizard (D:5)
  2 adders
  A shadow imp (D:6)
  4 dart slugs
  A ribbon worm (D:2)
  6 orcs
  6 bats
  7 endoplasms
  4 giant cockroaches
  5 goblins
  7 hobgoblins
  15 jackals
  10 kobolds
  6 quokkas
  7 ball pythons
  2 frilled lizards (D:3)
  4 rats
106 creatures vanquished.

Vanquished Creatures (others)
  14 foxfires
14 creatures vanquished.

Grand Total: 120 creatures vanquished

Notes
Turn   | Place    | Note
-------+----------+-------------------------------------------
     0 | D:1      | Arcadio the Djinni Fire Elementalist began the quest for
                  | the Orb.
     0 | D:1      | Arcadio set off with the following spells memorised:
                  | Foxfire, Scorch, Volatile Blastmotes, Inner Flame, Flame
                  | Wave.
     0 | D:1      | Reached XP level 1. HP: 15/15 MP: 0/0
   123 | D:1      | Reached XP level 2. HP: 19/21 MP: 0/0
   155 | D:1      | Found Xaderocs's Jewellery Boutique.
   319 | D:1      | Reached skill level 3 in Dodging
   319 | D:1      | Reached XP level 3. HP: 17/25 MP: 0/0
   319 | D:1      | Learned a level 1 spell: Summon Small Mammal
  1028 | D:2      | Reached XP level 4. HP: 29/31 MP: 0/0
  1776 | D:3      | Reached skill level 4 in Dodging
  1776 | D:3      | Reached XP level 5. HP: 16/35 MP: 0/0
  1776 | D:3      | Learned a level 2 spell: Lesser Beckoning
  1892 | D:3      | Found Eschiciagg's Antique Weapon Shop.
  1918 | D:3      | Noticed an ogre
  1923 | D:3      | Killed an ogre
  1924 | D:3      | Reached skill level 5 in Dodging
  1924 | D:3      | Reached XP level 6. HP: 30/40 MP: 0/0
  2490 | D:4      | Found a runed translucent gate.
  2490 | D:4      | Found a runed translucent gate.
  2490 | D:4      | Found a runed translucent gate.
  2491 | D:4      | Noticed Arcadio's ghost (amateur AtGl)
  2551 | D:4      | Found a bloodstained altar of Trog.
  2585 | D:4      | Found a basalt altar of Yredelemnul.
  2642 | D:4      | Noticed an ogre
  2647 | D:4      | Killed an ogre
  2648 | D:4      | Reached XP level 7. HP: 42/45 MP: 0/0
  2648 | D:4      | Learned a level 3 spell: Ozocubu's Armour
  2686 | D:4      | Found a staircase to the Ecumenical Temple.
  2692 | D:4      | Reached skill level 6 in Dodging
  2704 | D:4      | Identified the +1 pair of gloves of Card Tricks {*Corrode
                  | rPois rC+++}
  2709 | D:4      | Reached skill level 5 in Spellcasting
  2709 | D:4      | Reached skill level 5 in Conjurations
  2709 | D:4      | Reached skill level 5 in Hexes
  2709 | D:4      | Reached skill level 5 in Summonings
  2709 | D:4      | Reached skill level 5 in Necromancy
  2709 | D:4      | Reached skill level 5 in Translocations
  2709 | D:4      | Reached skill level 5 in Fire Magic
  2709 | D:4      | Reached skill level 5 in Ice Magic
  2709 | D:4      | Reached skill level 5 in Air Magic
  2709 | D:4      | Reached skill level 5 in Earth Magic
  2709 | D:4      | Reached skill level 5 in Alchemy
  2728 | Temple   | Entered the Ecumenical Temple
  2737 | Temple   | Became a worshipper of Ashenzari the Shackled
  3064 | D:5      | Entered Level 5 of the Dungeon
  3164 | D:5      | Found a glowing silver altar of Zin.
  3164 | D:5      | Found a shadowy altar of Dithmenos.
  3164 | D:5      | Found a shimmering altar of Xom.
  3302 | D:5      | Noticed a water moccasin
  3306 | D:5      | Killed a water moccasin
  3307 | D:5      | Reached XP level 8. HP: 44/50 MP: 0/0
  3513 | D:5      | Found a burning altar of Makhleb.
  3589 | D:5      | Reached skill level 7 in Dodging
  3673 | D:5      | Noticed Grinder
  3681 | D:5      | Killed Grinder
  3974 | D:5      | Identified the +1 pair of boots "Atajosk" {Dex+3}
  4228 | D:6      | Reached skill level 8 in Dodging
  4245 | D:6      | Shot with an arrow by a centaur

Illustrated notes

Levels and vault maps discovered:
D:1:      minmay_arrival_up_and_down, layout_basic, serial_shops, shop,
          minmay_misc_feat_enclosed
D:2:      layout_basic, basic_altar, minmay_stone_trees_medium
D:3:      layout_loops_ring, nicolae_sif_muna_condensation, serial_shops,
          nicolae_shop_tiny_waterfront
D:4:      layout_basic, trog_book, mainiacjoe_overflow_surrounded_room,
          minmay_temple_entry_proselytizer, gammafunk_ghost_split
D:5:      layout_loops_corners, makhleb_grotto_becter,
          gammafunk_temple_overflow_claw, nicolae_zen_rock_garden,
          nicolae_figureground_pulse, uniq_grinder
D:6:      layout_cave_pools, fedhas_bush_and_centaur_altar,
          general_overflow_altar, mainiacjoe_overflow_brackets
Temple:   hellmonk_temple_rainy

Skill      XL: |  1  2  3  4  5  6  7  8 |
---------------+-------------------------+-----
Dodging        | 3 4 5 6 8 |  8.0
Spellcasting   | 4 5 6 |  6.1
Conjurations   | 4 5 6 |  6.1
Hexes          | 4 5 6 |  6.1
Summonings     | 4 5 6 |  6.1
Necromancy     | 4 5 6 |  6.1
Translocations | 4 5 6 |  6.1
Fire Magic     | 4 5 6 |  6.1
Ice Magic      | 4 5 6 |  6.1
Air Magic      | 4 5 6 |  6.1
Earth Magic    | 4 5 6 |  6.1
Alchemy        | 4 5 6 |  6.1
Stealth        | |  1.5

Action                     |  1- 3 |  4- 6 |  7- 9 || total
---------------------------+-------+-------+-------++-------
  Melee: Dagger            |    11 |       |    37 ||    48
   Cast: Foxfire           |     8 |     1 |       ||     9
         Scorch            |    36 |    64 |    70 ||   170
         Summon Small Mamm |       |       |     1 ||     1
 Invoke: Curse Item        |       |       |     1 ||     1
 Armour: Robe              |    13 |     7 |    33 ||    53
  Dodge: Dodged            |    20 |    15 |    39 ||    74
